 Dungeon Crawl Stone Soup version 0.27-a0-972-gd1521fd518 (webtiles) character file.

Game seed: 2807530380607890807

24 voltaire321 the Chopper (level 2, 0/23 HPs)
             Began as a Demonspawn Gladiator on Apr 13, 2021.
             Was a Follower of Dithmenos.
             Succumbed to an adder's poison
             ... on level 2 of the Dungeon.
             The game lasted 00:03:17 (1215 turns).

voltaire321 the Chopper (Demonspawn Gladiator)      Turns: 1215, Time: 00:03:18

Health: 0/23       AC:  9    Str: 14    XL:     2   Next: 79%
Magic:  2/2        EV:  7    Int:  9    God:    Dithmenos [*.....]
Gold:   118        SH:  4    Dex: 14    Spells: 1/1 levels left

rFire    . . .     SeeInvis .   a - +0 war axe
rCold    . . .     Faith    .   (no shield)
rNeg     . . .     Spirit   .   m - +0 chain mail
rPois    .         Reflect  .   c - +0 helmet
rElec    .         Harm     .   (no cloak)
rCorr    .         Rampage  .   (no gloves)
Will     .....                  (no boots)
Stlth    ..........             (no amulet)
HPRegen  0.07/turn              (no ring)
MPRegen  0.08/turn              (no ring)

@: lethally poisoned (0 -> -8), wreathed by umbra
A: condensation shield
a: Renounce Religion


You were on level 2 of the Dungeon.
You worshipped Dithmenos.
Dithmenos was aware of your devotion.
You visited 1 branch of the dungeon, and saw 2 of its levels.

You collected 118 gold pieces.

Inventory:

Hand Weapons
 a - a +0 war axe (weapon)
Missiles
 d - 3 throwing nets (quivered)
Armour
 c - a +0 helmet (worn)
 m - a +0 chain mail (worn)
Scrolls
 f - a scroll of enchant armour {unknown}
 g - a scroll of amnesia {unknown}
 j - a scroll of identify {unknown}
 l - a scroll of teleportation {unknown}
Potions
 e - a potion of berserk rage {unknown}
 h - a potion of brilliance {unknown}
 i - a potion of cancellation {unknown}
 k - a potion of lignification {unknown}


   Skills:
 + Level 2.3 Fighting
 + Level 3.0 Axes
 - Level 1.7 Throwing
 + Level 0.9 Armour
 + Level 3.0 Dodging


You had one spell level left.
You didn't know any spells.
Your spell library was empty.

Dungeon Overview and Level Annotations

Branches:
Dungeon (2/15)

Altars:
Dithmenos


Innate Abilities, Weirdness & Mutations

A meltable shield of frost defends you. (SH +4)


Message History

You finish putting on your +0 chain mail.
Drop what? 13/52 slots (_ for help) (? for menu, Esc to quit)
You drop a +0 leather armour.
An adder comes into view.
The adder hisses angrily.
Found 8 gold pieces.
The adder bites you but does no damage.
You hit the adder.
The adder is severely wounded.
The adder bites you.
You are poisoned.
The adder poisons you! The adder bites you.
You closely miss the adder.
The adder is severely wounded.
You feel sick. The adder closely misses you. You block the adder's attack.
Your chain mail prevents you from hitting the adder.
The adder is severely wounded.
You feel sick. The adder barely misses you.
You miss the adder.
The adder is severely wounded.
You feel sick. The adder bites you. The adder bites you but does no damage.
You closely miss the adder.
The adder is severely wounded.
You feel sick.
The adder bites you but does no damage. x2
You miss the adder.
The adder is severely wounded.
You feel sick.
You are no longer poisoned.
The adder bites you. x2
You are poisoned.
The adder poisons you!
You miss the adder.
The adder is severely wounded.
You feel sick. The adder bites you.
* * * LOW HITPOINT WARNING * * *
You are more poisoned.
The adder poisons you!
You closely miss the adder.
The adder is severely wounded.
You die...

>..#.##..####.#.####..##.#
## #..........#. #..##.#
####..######. #..##.# #..#
#. #..##.# #[.# #. #..##(#
#..# #..##.. ######..# ###
.........#####... ##
..##.##..@S...$.. .. #
#.##...#... #. #.# ....#
#. #.. ....... #. ###
....#.#########. ...##
##........ .... #.######.
##### #.# #. #.# #.


You could see an adder.

Vanquished Creatures
  A dart slug (D:1)
  3 bats (D:1)
  2 endoplasms (D:1)
  2 goblins (D:1)
  A hobgoblin (D:2)
  3 kobolds
  A ball python (D:1)
  3 frilled lizards (D:1)
  6 rats (D:1)
22 creatures vanquished.

Notes
Turn   | Place    | Note
-------+----------+-------------------------------------------
     0 | D:1      | voltaire321 the Demonspawn Gladiator began the quest for
                  | the Orb.
     0 | D:1      | Reached XP level 1. HP: 16/16 MP: 1/1
     9 | D:1      | Found a faded altar of an unknown god.
    17 | D:1      | Became a worshipper of Dithmenos the Shadowed
    17 | D:1      | Reached * piety under Dithmenos
   354 | D:1      | Gained mutation: A meltable shield of frost defends you.
                  | (SH +4) [demonic ancestry]
   354 | D:1      | Reached XP level 2. HP: 22/22 MP: 2/2
  1215 | D:2      | Succumbed to an adder's poison

Illustrated notes

Levels and vault maps discovered:
D:1:      tarquinn_simple_flora_water_d, layout_basic,
          ebering_ecumenical_altar_rust
D:2:      layout_loops_ring, minmay_bisected

Skill      XL: |  1  2 |
---------------+-------+-----
Axes           | 3 |  3.0
Dodging        | 3 |  3.0
Fighting       | |  2.3
Throwing       | |  1.7
Armour         | |  0.9

Action                   || total
-------------------------++-------
Melee: War axe           ||    45
 Stab: Sleeping          ||     1
Armor: Leather armour    ||     9
       Chain mail        ||     4
Dodge: Dodged            ||    27
Block: Other             ||     6

Table legend: (Time is in decaauts)
 A = Elapsed time spent in this place.
 B = Non-inter-level travel time spent in this place.
 C = Inter-level travel time spent in this place.
 D = Time resting spent in this place.
 E = Time spent auto-exploring this place.
 F = Levels seen in this place.
 G = Mean time per level.
                   A        B        C        D        E       F      G
               +--------+--------+--------+--------+--------+-----+--------+
         Total |   1230 |   1218 |     12 |    172 |    825 |   2 |  615.0 |
       Dungeon |   1230 |   1218 |     12 |    172 |    825 |   2 |  615.0 |
               +--------+--------+--------+--------+--------+-----+--------+

Top non-repeatable levels by time:
     D:1: 1065 daAuts
     D:2: 165 daAuts
